 Dungeon Crawl Stone Soup version 0.30-a0-578-gdee14c521f (webtiles) character file.

Game seed: 8784384458488116389

9 flotson the Sneak (level 2, -1/24 HPs)
             Began as a Demonspawn Delver on Dec 31, 2022.
             Succumbed to a killer bee's poison
             ... on level 5 of the Dungeon.
             The game lasted 00:00:30 (38 turns).

flotson the Sneak (Demonspawn Delver)                 Turns: 38, Time: 00:00:31

Health: -1/24      AC:  3    Str: 12    XL:     2   Next: 3%
Magic:  2/2        EV: 11    Int: 11    God:
Gold:   0          SH:  0    Dex: 14    Spells: 1/1 levels left

rFire   . . .      SeeInvis .    a - +0 hand axe
rCold   . . .      Faith    .    (no shield)
rNeg    . . .      Spirit   .    b - +0 leather armour
rPois   .          Reflect  .    (no helmet)
rElec   .          Harm     .    (no cloak)
rCorr   .          Rampage  .    (no gloves)
Will    .....                    (no boots)
Stlth   +++                      (no amulet)
HPRegen 0.24/turn                (no ring)
MPRegen 0.08/turn                (no ring)

@: lethally poisoned (-1 -> -11), hasted, very quick
A: demonic magic 1
a: no special abilities


You were on level 5 of the Dungeon.
You visited 1 branch of the dungeon, and saw 1 of its levels.

Inventory:

Hand Weapons
 a - a +0 hand axe (weapon)
Armour
 b - a +0 leather armour (worn)
Wands
 g - a wand of digging (3)
Scrolls
 c - a scroll of fog
 e - a scroll of fear
Potions
 h - 2 potions of lignification {unknown}


   Skills:
 + Level 3.1 Fighting
 + Level 1.9 Axes
 + Level 0.4 Armour
 + Level 1.9 Dodging
 + Level 4.6 Stealth
 + Level 0.3 Evocations


You had one spell level left.
You didn't know any spells.
Your spell library was empty.

Dungeon Overview and Level Annotations

Branches:
Dungeon (5/15)             Temple (0/1) D:5

Altars:

Shops:
D:5 !


Innate Abilities, Weirdness & Mutations

Spells you cast may paralyse adjacent enemies.


Message History

h - 2 sedimented inky potions A scorpion comes into view.
Okay, then.
Unknown command.
As you read the scroll of magic mapping, it crumbles to dust.
You feel aware of your surroundings.
You sensed 2 shops/portals.
An adder comes into view.
Found an escape hatch in the ceiling.
A killer bee comes into view.
You feel yourself speed up.
The killer bee buzzes angrily.
You hear a bark!
A killer bee comes into view. 3 killer bees come into view.
The killer bee buzzes angrily. x4; The adder hisses angrily.
The adder misses you.
You barely miss the killer bee. You hit the scorpion but do no damage.
You barely miss the adder.
The killer bee stings you but does no damage.
The adder barely misses you. The scorpion closely misses you.
A hound comes into view.
The adder completely misses you. The scorpion barely misses you.
The scorpion stings you.
You are poisoned.
The scorpion poisons you!
A necrophage comes into view.
Found Foyvegat's Distillery.
Found a stone staircase leading down and a stone staircase leading up.
You feel very sick.
You feel sick.
Found a stone staircase leading down.
You feel sick.
You feel sick.
Found a sedimented inky potion.
You feel sick.
You feel sick.
You feel sick. The killer bee stings you.
You feel sick. The killer bee stings you.
* * * LOW HITPOINT WARNING * * *
You are more poisoned.
The killer bee poisons you!
There is a stone staircase leading up here.
You die...

,,,,,,,,,,,,,**************~~~~~~
,,,,,,,,,..,,* ******~
,,,,,,,,,...,* **********~
,,,,,,,,,,..###* *,<,,,,,,*~
,,,,,,,,,,,....#### **,,,,,,,,*~
*****,*****##.....## *,,,,,,,,,*~
*,,,**##..8....##*,,,,,,,,,**
*,*,,.#.........#*,,,,,,,,,**
*,***.8.>.∩.@.8.#*.#**,,,,,,,
***,***......yy...##.# *,,,,,,,
*,,,,,,.....8..Sy.##.# *,,,,..,
*,,,,,,....#..n...##.# *,,,...*
*,,,,,,..........s#..# ***#..#*
*,,,,,,..........y...#####...#
*,,,,,,...........y..h......##*
*,,,,,,.............#.#.......,
*,,,,,,....##.>.##........h...,


You could see a necrophage, a scorpion, 5 killer bees and an adder.

Vanquished Creatures
  An adder (D:5)
1 creature vanquished.

Notes
Turn   | Place    | Note
-------+----------+-------------------------------------------
     0 | D:5      | flotson the Demonspawn Delver began the quest for the Orb.
     0 | D:5      | Reached XP level 1. HP: 18/18 MP: 1/1
     7 | D:5      | Gained mutation: Spells you cast may paralyse adjacent
                  | enemies. [demonic ancestry]
     7 | D:5      | Reached XP level 2. HP: 24/24 MP: 2/2
     8 | D:5      | Noticed a scorpion
    23 | D:5      | Noticed a killer bee
    25 | D:5      | Noticed a killer bee
    26 | D:5      | Noticed a killer bee
    26 | D:5      | Noticed a killer bee
    26 | D:5      | Noticed a killer bee
    30 | D:5      | Found Foyvegat's Distillery.
    30 | D:5      | Noticed a necrophage
    37 | D:5      | HP: 1/24 [killer bee (6)]
    38 | D:5      | Succumbed to a killer bee's poison

Illustrated notes

Levels and vault maps discovered:
D:5:      layout_rooms, minmay_temple_entry_fiery, serial_corexii_hall,
          chequers_hall_statues_wall_a, chequers_hall_statues_y, serial_shops,
          nicolae_shop_behind_doors, kennysheep_minor_cross,
          nicolae_stop_n_shop_2, uniq_edmund

Action                   || total
-------------------------++-------
Melee: Hand axe          ||     3
  Use: Scroll            ||     1
       Potion            ||     1
Armor: Leather armour    ||     2
Dodge: Dodged            ||     5

Table legend: (Time is in decaauts)
 A = Elapsed time spent in this place.
 B = Non-inter-level travel time spent in this place.
 C = Inter-level travel time spent in this place.
 D = Time resting spent in this place.
 E = Time spent auto-exploring this place.
 F = Levels seen in this place.
 G = Mean time per level.
                   A        B        C        D        E       F      G
               +--------+--------+--------+--------+--------+-----+--------+
         Total |     34 |     34 |      0 |      0 |      1 |   1 |   34.0 |
       Dungeon |     34 |     34 |      0 |      0 |      1 |   1 |   34.0 |
               +--------+--------+--------+--------+--------+-----+--------+

Top non-repeatable levels by time:
     D:5: 34 daAuts
